 Dungeon Crawl Stone Soup version 0.24-a0-584-g9d6b971ae4 (webtiles) character file.

Game seed: 6032552470928115292, levelgen mode: deterministic

28 Mithandil the Skirmisher (level 2, -1/24 HPs)
             Began as a Demonspawn Abyssal Knight on Sept 4, 2019.
             Was a Follower of Lugonu.
             Slain by Natasha (3 damage)
             ... on level 2 of the Dungeon.
             The game lasted 00:04:53 (1063 turns).

Mithandil the Skirmisher (DsAK)                     Turns: 1063, Time: 00:04:55

Health: -1/24      AC:  4    Str: 12    XL:     2   Next: 96%
Magic:  0/4        EV: 10    Int: 13    God:    Lugonu [*.....]
Gold:   47         SH:  3    Dex: 12    Spells: 1/1 levels left

rFire    . . .     SeeInvis .   a - +1 falchion
rCold    + . .     Gourm    .   m - +0 buckler
rNeg     . . .     Faith    .   l - +0 leather armour
rPois    .         Spirit   +   (helmet restricted)
rElec    .         Reflect  .   (no cloak)
rCorr    +         Harm     .   (no gloves)
MR       .....     Rnd*Rage +   h - +0 pair of boots
Stlth    +.........             (no amulet)
HPRegen  0.08/turn              e - ring of resist corrosion
MPRegen  0.09/turn              (no ring)

@: no status effects
A: horns 1, berserk 2, cold resistance 1, magic shield
a: Depart the Abyss, Renounce Religion


You were on level 2 of the Dungeon.
You worshipped Lugonu.
Lugonu was aware of your devotion.
You were hungry.

You visited 1 branch of the dungeon, and saw 2 of its levels.
You visited the Abyss 1 time.

You collected 47 gold pieces.

Inventory:

Hand Weapons
 a - a +1 falchion (weapon)
 b - a +0 spear
Missiles
 d - 28 arrows
 g - 22 stones (quivered)
 p - 14 sling bullets
Armour
 h - a +0 pair of boots (worn)
 l - a +0 leather armour (worn)
 m - a +0 buckler (worn)
 n - a +0 helmet
Jewellery
 e - a ring of resist corrosion (left hand)
Scrolls
 f - a scroll of remove curse {unknown}
 i - 3 scrolls of identify {unknown}
 k - a scroll of amnesia {unknown}
 o - a scroll of magic mapping {unknown}
 q - 2 scrolls of teleportation {unknown}
Potions
 j - a potion of brilliance
Comestibles
 c - 2 rations


   Skills:
 + Level 3.2 Fighting
 * Level 2.1 Long Blades
 + Level 2.0 Armour
 + Level 1.2 Dodging
 + Level 0.4 Stealth
 * Level 0.4 Shields
 * Level 0.3 Unarmed Combat
 + Level 2.7 Invocations


You had one spell level left.
You didn't know any spells.
Your spell library was empty.

Dungeon Overview and Level Annotations

Branches:
Dungeon (2/15)

Altars:

Annotations:
D:2 Natasha


Innate Abilities, Weirdness & Mutations

When hurt, damage is shared between your health and your magic reserves.
You have a pair of small horns on your head.
You often lose your temper in combat.
Your flesh is cold resistant. (rC+)


Message History

Natasha casts a spell.
The kobold throws a stone.
The stone barely misses you.
You see here 2 stones.
The crimson imp blinks!
You see here 2 stones.
Natasha claws you!
You closely miss Natasha. Natasha closely misses you.
You riposte.
You barely miss Natasha. The kobold hits you.
You hit Natasha. You headbutt Natasha.
Natasha is moderately wounded.
Natasha claws you but does no damage. The kobold hits you but does no damage.
Natasha claws you!
* * * LOW HITPOINT WARNING * * *
You slash Natasha!
Natasha is severely wounded.
The kobold closely misses you.
You riposte.
You hit the kobold.
You kill the kobold!
Lugonu accepts your kill. Natasha claws you.
You die...

#...# #...#
######...######
....$..........
............ ........
#.h†# #(@.# #(..# #
###...### .#
#.......########.
#.#...#.##...... #
#.##.........#.# .#
###.###^#####.##.#.#.#
#.#
........#####........#...
#<......##.###.#.#.#


You could see Natasha.

Vanquished Creatures
  An ooze (D:1)
  A dart slug (D:1)
  A leopard gecko (D:1)
  A ball python (D:1)
  A giant cockroach (D:1)
  A goblin (D:1)
  A hobgoblin (D:1)
  6 bats
  4 frilled lizards
  3 kobolds
  3 rats
23 creatures vanquished.

Notes
Turn   | Place    | Note
-------+----------+-------------------------------------------
     0 | Abyss:1  | Mithandil the Demonspawn Abyssal Knight began the quest for
                  | the Orb.
     0 | Abyss:1  | Reached XP level 1. HP: 18/18 MP: 2/2
     9 | Abyss:1  | Noticed a storm dragon zombie
    10 | D:1      | Escaped the Abyss
   155 | D:1      | Reached skill level 1 in Dodging
   227 | D:1      | Reached * piety under Lugonu
   227 | D:1      | Gained mutation: When hurt, damage is shared between your
                  | health and your magic reserves. [demonic ancestry]
   227 | D:1      | Reached XP level 2. HP: 10/24 MP: 3/3
   556 | D:1      | Gained mutation: Your flesh is cold resistant. (rC+)
                  | [potion of mutation]
   556 | D:1      | Gained mutation: You tend to lose your temper in combat.
                  | [potion of mutation]
   556 | D:1      | Gained mutation: You often lose your temper in combat.
                  | [potion of mutation]
   556 | D:1      | Gained mutation: You have a pair of small horns on your
                  | head. [potion of mutation]
  1054 | D:2      | Noticed Natasha
  1058 | D:2      | Noticed a crimson imp
  1063 | D:2      | Slain by Natasha

Levels and vault maps discovered:
D:1:      dpeg_arrival_tiny_g, layout_basic
D:2:      layout_loops_cross, old_standard_altar, uniq_natasha

Skill      XL: |  1  2 |
---------------+-------+-----
Dodging        | 1 |  1.2
Long Blades    | 2 |  2.1
Armour         | 2 |  2.0
Fighting       | |  3.2
Stealth        | |  0.4
Shields        | |  0.4
Unarmed Combat | |  0.3
Invocations    | |  2.7

Action                   || total
-------------------------++-------
Melee: Falchion          ||    57
       Headbutt          ||     4
Invok: Depart the Abyss  ||     1
  Use: Potion            ||     4
Armor: Leather armour    ||    21
Dodge: Dodged            ||    40
Block: Buckler           ||     7
       Rpst.: Falchion   ||    19

Table legend:
 A = Non-vault XP
 B = Vault XP
 C = Vault XP percentage of total XP
 D = Non-vault monster count
 E = Vault monster count
 F = Vault count percentage of total count
                 A         B        C        D         E       F
            +---------+---------+-------+---------+---------+-------
      Total |      40 |       0 |   0.0 |      23 |       0 |   0.0
            +---------+---------+-------+---------+---------+-------
        D:1 |      35 |       0 |   0.0 |      19 |       0 |   0.0
        D:2 |       5 |       0 |   0.0 |       4 |       0 |   0.0
            +---------+---------+-------+---------+---------+-------
